 Dungeon Crawl Stone Soup version 0.25-a0-489-g9ae84a01e3 (webtiles) character file.

Game seed: 9489589129067868206, levelgen mode: deterministic

591 Erk the Fighter (level 7, -4/69 HPs)
             Began as a Pale Draconian Conjurer on Feb 4, 2020.
             Was a Believer of Qazlal.
             Killed by nerve-wracking pain
             ... invoked by an orc priest
              (14 damage)
             ... on level 5 of the Dungeon on Feb 11, 2020.
             The game lasted 00:22:05 (3490 turns).

Erk the Fighter (Pale Draconian Conjurer)           Turns: 3490, Time: 00:22:06

Health: -4/69      AC: 10    Str: 18    XL:     7   Next: 16%
Magic:  3/3        EV: 12    Int: 15    God:    Qazlal [**....]
Gold:   252        SH:  2    Dex: 11    Spells: 9/10 levels left

rFire    . . .     SeeInvis .   i - +1 war axe (antimagic)
rCold    . . .     Gourm    .   (no shield)
rNeg     . . .     Faith    .   (armour unavailable)
rPois    .         Spirit   .   (helmet restricted)
rElec    .         Reflect  .   (no cloak)
rCorr    .         Harm     .   (no gloves)
MR       +....                  (no boots)
Stlth    ++........             (no amulet)
HPRegen  0.21/turn              m - ring of protection from magic
MPRegen  0.08/turn              t - +4 ring of protection

@: mighty
A: breathe steam, unfitting armour, cold-blooded, AC +6
a: Breathe Steam, Upheaval, Renounce Religion


You were on level 5 of the Dungeon.
You worshipped Qazlal.
Qazlal was pleased with you.
You were not hungry.

You visited 1 branch of the dungeon, and saw 5 of its levels.

You collected 252 gold pieces.

Inventory:

Hand Weapons
 c - the +6 hand axe "Dirch" {vorpal, -Tele Str+2 Int+2}
   (You took it off an orc on level 5 of the Dungeon)

   It inflicts extra damage upon your enemies.
   It affects your strength (+2).
   It affects your intelligence (+2).
   It prevents most forms of teleportation.
 i - a +1 antimagic war axe (weapon)
 q - a +2 antimagic dagger
Missiles
 n - 3 silver boomerangs (quivered)
Jewellery
 m - a ring of protection from magic (left hand)
 t - a +4 ring of protection (right hand)
Scrolls
 a - a scroll of enchant weapon {unknown}
 d - 3 scrolls of immolation
 e - 3 scrolls of teleportation {unknown}
 f - 2 scrolls of magic mapping {unknown}
 h - 2 scrolls of enchant armour {unknown}
 k - 2 scrolls of remove curse {unknown}
 l - 2 scrolls of amnesia {unknown}
 s - a scroll of fog {unknown}
Potions
 g - a potion of flight
 o - a potion of brilliance
 r - 2 potions of mutation
Comestibles
 b - 9 rations


   Skills:
 + Level 8.3 Fighting
 - Level 1.7 Dodging
 - Level 1.7 Stealth
 - Level 2.0 Spellcasting
 - Level 4.0 Conjurations


You had 9 spell levels left.
You knew the following spells:

 Your Spells              Type           Power        Failure   Level  Hunger
a - Magic Dart            Conj           ##..         4%          1    #......

Your spell library contained the following spells:

 Spells                   Type           Power        Failure   Level  Hunger
 Searing Ray              Conj           ##....       6%          2    ###....
 Beastly Appendage        Tmut           #.....       22%         1    #......
 Summon Butterflies       Summ           #.......     22%         1    #......
 Dazzling Flash           Conj/Hex       #.....       28%         3    ###....
 Fulminant Prism          Conj/Hex       #.........   67%         4    #####..
 Iskenderun's Mystic Bla  Conj/Tloc      #.......     67%         4    #####..
 Summon Mana Viper        Hex/Summ       #.......     99%         5    ######.
 Malign Gateway           Summ/Tloc      #.........   100%        7    #######


Dungeon Overview and Level Annotations

Branches:
Dungeon (5/15)             Temple (0/1) D:4

Altars:
Cheibriados
Kikubaaqudgha
Nemelex Xobeh
Qazlal
Trog
Vehumet


Innate Abilities, Weirdness & Mutations

You can breathe blasts of scalding, opaque steam.
Your pale cyan-grey scales are hard. (AC +6)
You cannot fit into any form of body armour.
You are cold-blooded and may be slowed by cold attacks.


Message History

Okay, then.
Okay, then.
Okay, then.
You start resting.
An orc priest comes into view. It is wielding a +0 mace.
You start resting.
An orc priest comes into view. It is wielding a +0 short sword.
The orc priest invokes the aid of Beogh against you.
Beogh smites you!
* * * LOW HITPOINT WARNING * * *
You hit the orc priest.
You tail-slap the orc priest, but do no damage.
The orc priest is lightly wounded.
The orc priest hits you with a +0 mace!
* * * LOW HITPOINT WARNING * * *
You closely miss the orc priest.
The orc priest is lightly wounded.
The orc priest invokes the aid of Beogh against you.
Pain shoots through your body!
You die...

####............###......#
................# #......#
.###............# #......#
.# #............###.######
.###.............##.#
.................##.#
####..........##.#..# #
#...........#.#.## #
#.........#.#@#.# #
#.........#.#o#.# #
...###.#####.#...#
#.#####..# #..#o.## # ...#
#.##..# . #.####.##.## .
#......##.# ..
..##..#..##)## a.
.............#


You could see 2 orc priests.

Vanquished Creatures
  An ice beast (D:5)
  An eye of draining (D:3)
  A bullfrog (D:4)
  A howler monkey (D:5)
  A crimson imp (D:5)
  An orc wizard (D:5)
  An orc priest (D:5)
  A jelly (D:5)
  4 gnolls
  A howler monkey skeleton (D:5)
  5 adders
  A worm (D:2)
  2 dart slugs
  2 leopard geckos
  13 orcs
  7 giant cockroaches
  2 hobgoblins
  7 jackals (D:1)
  A quokka (D:2)
  2 ball pythons
  5 bats
  4 frilled lizards
  9 goblins
  5 kobolds
  A quokka skeleton (D:5)
  5 rats
  A butterfly (D:4)
85 creatures vanquished.

Notes
Turn   | Place    | Note
-------+----------+-------------------------------------------
     0 | D:1      | Erk the Draconian Conjurer began the quest for the Orb.
     0 | D:1      | Reached XP level 1. HP: 14/14 MP: 3/3
    36 | D:1      | Reached skill level 1 in Fighting
   284 | D:1      | Reached XP level 2. HP: 12/24 MP: 5/5
   458 | D:1      | Reached skill level 2 in Fighting
   941 | D:2      | Reached skill level 3 in Fighting
   941 | D:2      | Reached XP level 3. HP: 23/31 MP: 0/6
  1080 | D:2      | Found a sparkling altar of Nemelex Xobeh.
  1260 | D:2      | Reached skill level 4 in Fighting
  1260 | D:2      | Reached XP level 4. HP: 37/40 MP: 1/7
  1571 | D:3      | Found a snail-covered altar of Cheibriados.
  1639 | D:3      | Upgraded the game from 0.25-a0-464-g3004169c2b to
                  | 0.25-a0-489-g9ae84a01e3
  1808 | D:3      | Found a faded altar of an unknown god.
  1823 | D:3      | Became a worshipper of Qazlal Stormbringer
  1823 | D:3      | Reached * piety under Qazlal
  2017 | D:3      | Found a bloodstained altar of Trog.
  2018 | D:3      | Noticed an eye of draining
  2052 | D:3      | Killed an eye of draining
  2052 | D:3      | Reached skill level 5 in Fighting
  2052 | D:3      | Reached XP level 5. HP: 46/50 MP: 0/8
  2094 | D:3      | Reached skill level 6 in Fighting
  2287 | D:4      | Found a staircase to the Ecumenical Temple.
  2306 | D:4      | Found an ancient bone altar of Kikubaaqudgha.
  2695 | D:4      | Identified the Collected Works on the Shifting Escort
  2958 | D:4      | Found a radiant altar of Vehumet.
  3170 | D:5      | Entered Level 5 of the Dungeon
  3192 | D:4      | Reached XP level 6. HP: 40/58 MP: 3/9
  3287 | D:5      | Reached skill level 7 in Fighting
  3419 | D:5      | Identified the +6 hand axe "Dirch" {vorpal, -Tele Str+2
                  | Int+2}
  3439 | D:5      | Noticed an ice beast
  3467 | D:5      | Reached ** piety under Qazlal
  3471 | D:5      | Killed an ice beast
  3471 | D:5      | Reached skill level 8 in Fighting
  3471 | D:5      | Your scales start taking on a pale cyan-grey colour.
  3471 | D:5      | Reached XP level 7. HP: 23/69 MP: 3/10
  3490 | D:5      | Killed from afar by an orc priest

Levels and vault maps discovered:
D:1:      lemuel_arrival_lava_pool, layout_rooms
D:2:      layout_basic, nemelex_altar_shiori
D:3:      layout_basic, trog_eyes_of_draining, cheibriados_altar_1,
          chequers_ecumenical_altar_simple
D:4:      layout_gridville, marbit_many_paths, lemuel_crystal_altar,
          minmay_temple_entry_butterflies
D:5:      layout_rooms, first_ration, hangedman_decor_clover_reticule

Skill      XL: |  1  2  3  4  5  6 |
---------------+-------------------+-----
Fighting       | 1 3 4 5 6 8 |  8.3
Dodging        | |  1.7
Stealth        | |  1.7
Spellcasting   | |  2.0
Conjurations   | |  4.0

Action                   |  1- 3 |  4- 6 |  7- 9 || total
-------------------------+-------+-------+-------++-------
Melee: Unarmed           |    19 |       |       ||    19
       Mace              |    95 |    78 |       ||   173
       Tailslap          |     8 |    23 |     1 ||    32
       Dagger            |       |    18 |       ||    18
       War axe           |       |    91 |     2 ||    93
 Cast: Magic Dart        |    24 |     1 |       ||    25
  Use: Scroll            |       |     7 |       ||     7
       Potion            |       |     2 |       ||     2
 Stab: Sleeping          |     2 |     1 |       ||     3
  Eat: Chunk             |     1 |     8 |       ||     9
Armor: Skin              |    46 |    64 |       ||   110
Dodge: Dodged            |   117 |   125 |       ||   242
Block: Other             |       |     4 |       ||     4

Table legend:
 A = Non-vault XP
 B = Vault XP
 C = Vault XP percentage of total XP
 D = Non-vault monster count
 E = Vault monster count
 F = Vault count percentage of total count
                 A         B        C        D         E       F
            +---------+---------+-------+---------+---------+-------
      Total |     715 |     130 |  15.4 |      81 |       3 |   3.6
            +---------+---------+-------+---------+---------+-------
        D:1 |      36 |       0 |   0.0 |      21 |       0 |   0.0
        D:2 |      63 |       0 |   0.0 |      17 |       0 |   0.0
        D:3 |      83 |     130 |  61.0 |      23 |       3 |  11.5
        D:4 |     139 |       0 |   0.0 |       5 |       0 |   0.0
        D:5 |     394 |       0 |   0.0 |      15 |       0 |   0.0
            +---------+---------+-------+---------+---------+-------
